 Dungeon Crawl Stone Soup version 0.23-a0-558-g30802b1 (webtiles) character file.

14 zishaf the Insei (level 2, -1/16 HPs)
             Began as a Tengu Transmuter on Dec 12, 2018.
             Slain by a leopard gecko (5 damage)
             ... on level 1 of the Dungeon.
             The game lasted 00:00:30 (532 turns).

zishaf the Insei (Tengu Transmuter)                  Turns: 532, Time: 00:00:30

Health: -1/16      AC:  2    Str: 10    XL:     2   Next: 41%
Magic:  5/6        EV: 13    Int: 13    God:
Gold:   17         SH:  0    Dex: 14    Spells: 4/5 levels left

rFire    . . .     SeeInvis .     - Unarmed
rCold    . . .     Gourm    .   (no shield)
rNeg     . . .     Faith    .   b - +0 robe
rPois    .         Spirit   .   (helmet restricted)
rElec    .         Reflect  .   (no cloak)
rCorr    .         Harm     .   (no gloves)
MR       .....                  (boots unavailable)
Stlth    +.........             (no amulet)
HPRegen  0.05/turn              (no ring)
MPRegen  0.10/turn              (no ring)

@: appendage (expiring), very slightly contaminated
A: beak, horns 2, talons 3
a: End Transformation


You were on level 1 of the Dungeon.
You were not hungry.
You had grown temporary horns.
You visited 1 branch of the dungeon, and saw 1 of its levels.

You collected 17 gold pieces.

Inventory:

Missiles
 a - 12 arrows
Armour
 b - a +0 robe (worn)
Scrolls
 c - 2 scrolls of remove curse {unknown}
 f - a scroll of identify {unknown}
Potions
 e - 2 potions of brilliance {unknown}
Comestibles
 d - 3 rations


   Skills:
 + Level 1.4 Fighting
 + Level 2.5 Dodging
 - Level 3.2 Unarmed Combat
 - Level 2.0 Spellcasting
 * Level 2.0 Transmutations


You had 4 spell levels left.
You knew the following spells:

 Your Spells              Type           Power        Failure   Level  Hunger
a - Beastly Appendage     Tmut           #.....       11%         1    ##.....

Your spell library contained the following spells:

 Spells                   Type           Power        Failure   Level  Hunger
 Sticks to Snakes         Tmut           #.......     16%         2    ###....
 Spider Form              Tmut/Pois      #.........   45%         3    ####...
 Ice Form                 Ice/Tmut       #.......     86%         4    #####..
 Blade Hands              Tmut           #.........   96%         5    ######.


Dungeon Overview and Level Annotations

Branches:
Dungeon (1/15)

Altars:


Innate Abilities, Weirdness & Mutations

You have a beak for a mouth.
You have claws for feet.
You have a pair of horns on your head.


Message History

You hit the jackal.
You kill the jackal!
Your transformation is almost over.
You hit the leopard gecko. Your kick misses the leopard gecko.
Your peck misses the leopard gecko.
The leopard gecko is heavily wounded.
The leopard gecko bites you. The leopard gecko misses you.
You hit the leopard gecko but do no damage.
The leopard gecko is heavily wounded.
The leopard gecko hisses menacingly.
The leopard gecko bites you.
You barely miss the leopard gecko. Your kick misses the leopard gecko.
Your headbutt misses the leopard gecko.
The leopard gecko is heavily wounded.
The leopard gecko bites you.
* * * LOW HITPOINT WARNING * * *
You closely miss the leopard gecko. Your peck misses the leopard gecko.
The leopard gecko is heavily wounded.
The leopard gecko bites you.
You die...

#..#♣....♣..P♣..
#......P........
#
#......♣♣...P♣..
..
#.#####.......P.
...#######
#...........#...
.........#
#.######........
........$# #.#
#########
........l###.#
........hl@..#
###.....h#####
#......#
########


You could see 2 leopard geckos and 2 jackals.

Vanquished Creatures
  A bat (D:1)
  A giant cockroach (D:1)
  A goblin (D:1)
  2 hobgoblins (D:1)
  4 jackals (D:1)
  A kobold (D:1)
  A rat (D:1)
11 creatures vanquished.

Notes
Turn   | Place    | Note
-------+----------+-------------------------------------------
     0 | D:1      | zishaf the Tengu Transmuter began the quest for the Orb.
     0 | D:1      | Reached XP level 1. HP: 12/12 MP: 4/4
   198 | D:1      | Reached XP level 2. HP: 16/16 MP: 6/6
   532 | D:1      | Slain by a leopard gecko

Vault maps used:
D:1:      denvon_arrival_planthouse, lemuel_another_geyser

Skill      XL: |  1  2 |
---------------+-------+-----
Transmutations | 2 |  2.0
Fighting       | |  1.4
Dodging        | |  2.5
Unarmed Combat | |  3.2
Spellcasting   | |  2.0

Action                   || total
-------------------------++-------
Melee: Unarmed           ||    28
       Kick              ||     7
       Peck              ||     2
       Punch             ||     1
 Cast: Beastly Appendage ||     1
Armor: Robe              ||     3
Dodge: Dodged            ||    18

Table legend:
 A = Non-vault XP
 B = Vault XP
 C = Vault XP percentage of total XP
 D = Non-vault monster count
 E = Vault monster count
 F = Vault count percentage of total count
                 A         B        C        D         E       F
            +---------+---------+-------+---------+---------+-------
      Total |      20 |       0 |   0.0 |      11 |       0 |   0.0
            +---------+---------+-------+---------+---------+-------
        D:1 |      20 |       0 |   0.0 |      11 |       0 |   0.0
            +---------+---------+-------+---------+---------+-------
